 Dungeon Crawl Stone Soup version 0.20.0-15-g7f486f2 (webtiles) character file.

24927 renl the Severer (level 13, -7/119 HPs)
             Began as a Hill Orc Monk on June 30, 2017.
             Was a High Priest of the Shining One.
             Killed from afar by a starcursed mass (9 damage)
             ... with an accursed screaming
             ... on level 2 of the Abyss.
             The game lasted 01:26:00 (9665 turns).

renl the Severer (Hill Orc Monk)                    Turns: 9665, Time: 01:26:01

Health: -7/119     AC: 15    Str: 19    XL:     13   Next: 16%
Magic:  0/15       EV: 16    Int: 10    God:    the Shining One [*****.]
Gold:   708        SH:  0    Dex: 13    Spells: 12/12 levels left

rFire    . . .     SeeInvis .   a - +0 battleaxe
rCold    . . .     Gourm    .   (shield currently unavailable)
rNeg     + + +     Faith    .   r - +3 scale mail {rN+}
rPois    .         Spirit   +   (no helmet)
rElec    .         Reflect  .   e - scarf {Spirit}
rCorr    .         Harm     .   (no gloves)
MR       .....                  m - +0 pair of boots
Stlth    ..........             (no amulet)
Regen    0.3/turn               z - +3 ring of protection
MPRegen  0.2/turn               d - +5 ring of evasion

@: silence, glowing
A: no striking features
a: Renounce Religion


You were on level 2 of the Abyss.
You worshipped the Shining One.
The Shining One was extremely pleased with you.
You were hungry.

You visited 2 branches of the dungeon, and saw 15 of its levels.
You visited the Abyss 1 time.

You collected 708 gold pieces.

Inventory:

Hand Weapons
 a - a +0 battleaxe (weapon)
 b - a +4 dire flail of freezing
Armour
 e - a scarf of spirit shield (worn)
 m - a +0 pair of boots (worn)
 r - a +3 scale mail of positive energy (worn)
Jewellery
 d - a +5 ring of evasion (right hand)
 h - an uncursed ring of stealth
 z - a +3 ring of protection (left hand)
Wands
 q - a wand of disintegration (13/24)
 t - a wand of polymorph (15/24)
 C - a wand of confusion (34/48)
 F - a wand of polymorph (8/24)
 M - a wand of polymorph (5/24)
 N - a wand of iceblast (12/15)
 R - a wand of acid (6/15)
 S - a wand of flame (5/48)
 U - a wand of iceblast (9/15)
Scrolls
 l - a scroll of teleportation
 n - 5 scrolls of remove curse
 u - 5 scrolls of amnesia
 y - 2 scrolls of enchant armour
 G - 7 scrolls of identify
 J - 3 scrolls of enchant weapon {unknown}
 K - 3 scrolls of magic mapping {unknown}
 L - 3 scrolls of recharging
 O - 2 scrolls of fear
Potions
 f - 2 potions of magic
 i - 3 potions of curing
 j - a potion of mutation
 k - 3 potions of lignification
 o - a potion of berserk rage {unknown}
 s - a potion of cancellation
 v - a potion of haste
 A - a potion of invisibility {unknown}
 D - a potion of might {unknown}
 E - 3 potions of flight
 I - 3 potions of resistance
 W - a potion of ambrosia {unknown}
Miscellaneous
 T - a sack of spiders
Comestibles
 c - 7 bread rations
 g - 13 meat rations
 p - 5 royal jellies
 B - 4 fruits


   Skills:
 + Level 12.5 Fighting
 + Level 20.6 Axes
 + Level 9.0 Armour
 - Level 2.4 Dodging
 - Level 1.5 Stealth
 + Level 3.0 Invocations
 + Level 0.2 Evocations


You had 12 spell levels left.
You didn't know any spells.

Dungeon Overview and Level Annotations

Branches:
Dungeon (14/15)            Temple (1/1) D:5            Lair (0/6) D:8
    Orc (0/2) D:11
 Vaults: D:13-14

Altars:
Ashenzari
Cheibriados
Dithmenos
Elyvilon
Fedhas
Gozag
Hepliaklqana
Kikubaaqudgha
Makhleb
Nemelex Xobeh
Okawaru
Qazlal
Ru
Sif Muna
Trog
Uskayaw
Vehumet
Xom
Yredelemnul
Zin
The Shining One

Shops:
D:5 [   D:6 *

Annotations:
D:14 exclusion: oklob plant, Louise


Message History

A starcursed mass splits.
You see here 9 arrows.
The starcursed mass closely misses you.
A cacophony of accursed wailing tears at your sanity!
* * * LOW HITPOINT WARNING * * *
You suddenly lose the ability to move!
The rakshasa weaves an illusion.
The starcursed mass shimmers and seems to become two!
The starcursed mass engulfs you!
* * * LOW HITPOINT WARNING * * *
You can move again.
A starspawn tentacle comes into view.
You feel yourself slow down.
A starcursed mass splits.
The starcursed mass engulfs you.
* * * LOW HITPOINT WARNING * * *
A cacophony of accursed wailing tears at your sanity!
The Shining One protects you from harm!
A starcursed mass splits.
A deafening chorus of shrieks assaults your mind!
You die...

#.#..##.# #
....#.## # . ##
#..XX..# X##X#.#..#
##### #.w
#.#XX##.##....# ##
# #.X.###..#...
.#.##.#.X......# .#
#
.#....##XX#X#.##...
. ...
#####.##.@......#
.#. . .. #.
###.#.#..# .# #..
.# ### .. ##


You could see 7 starcursed masses.

Vanquished Creatures
  2 centaur warriors (D:13)
  A two-headed ogre (D:9)
  Urug (D:14)
  An unseen horror (D:11)
  Pikel (D:4)
  The ghost of Gamesmaster the Geomancer, a novice DDEE of Makhleb (D:6)
  4 manticores
  9 ugly things
  The ghost of ces the Covert, a novice SpAs of Okawaru (D:7)
  3 centaur skeletons
  3 gargoyles
  A kobold demonologist (D:6)
  4 trolls
  Prince Ribbit (D:7)
  12 slime creatures
  A hornet (D:11)
  2 hippogriffs
  A spriggan (D:10)
  9 yaks
  A shadow (D:12)
  A water elemental (D:14)
  2 hungry ghosts
  A water moccasin (D:6)
  6 orc warriors
  A swamp drake (D:11)
  5 ice beasts
  A black bear (D:12)
  An eye of draining (D:11)
  3 sky beasts
  6 ogres
  A phantom (D:13)
  A necrophage (D:13)
  23 centaurs
  A crocodile (D:12)
  3 big kobolds
  7 bullfrogs
  A wyvern zombie (D:12)
  A wyvern skeleton (D:13)
  5 killer bees
  16 wights
  4 howler monkeys
  8 crimson imps
  A bullfrog zombie (D:12)
  2 centaur zombies
  A starcursed mass (Abyss:2)
  A quasit (D:9)
  A hound (D:12)
  5 jellies
  11 orc priests
  A gnoll shaman (D:9)
  3 bullfrog skeletons
  4 iguanas
  5 orc wizards
  13 worker ants
  A bullfrog simulacrum (D:12)
  3 hound zombies
  A hound skeleton (D:5)
  A howler monkey zombie (D:6)
  6 gnolls
  A howler monkey skeleton (D:10)
  14 adders
  7 shadow imps
  2 oozes
  An adder skeleton (D:5)
  A worm (D:3)
  A dart slug (D:1)
  2 leopard geckos
  31 orcs
  3 bats
  5 giant cockroaches
  8 goblins
  5 hobgoblins
  15 jackals
  16 kobolds
  3 quokkas
  6 frilled lizards
  3 rats
  A starspawn tentacle (Abyss:2)
342 creatures vanquished.

Vanquished Creatures (others)
  A worker ant (D:4)
  An orc (D:11)
  6 starspawn tentacles (Abyss:2)
8 creatures vanquished.

Grand Total: 350 creatures vanquished

Notes
Turn   | Place    | Note
-------+----------+-------------------------------------------
     0 | D:1      | renl the Hill Orc Monk began the quest for the Orb.
     0 | D:1      | Reached XP level 1. HP: 19/19 MP: 1/1
   179 | D:1      | Reached XP level 2. HP: 17/27 MP: 2/2
   630 | D:2      | Found a hide-covered altar of Uskayaw.
   661 | D:2      | Reached skill level 5 in Axes
   661 | D:2      | Reached XP level 3. HP: 22/33 MP: 3/3
  1280 | D:3      | Reached XP level 4. HP: 18/41 MP: 4/4
  1409 | D:3      | Reached skill level 6 in Axes
  1409 | D:3      | Reached skill level 1 in Armour
  1547 | D:3      | Found an opulent altar of Gozag.
  1829 | D:4      | Noticed an ogre
  2003 | D:4      | Reached XP level 5. HP: 47/47 MP: 5/5
  2068 | D:4      | Noticed a slave
  2069 | D:4      | Noticed Pikel
  2073 | D:4      | Noticed a slave
  2073 | D:4      | Noticed a slave
  2074 | D:4      | Noticed a slave
  2285 | D:4      | Killed an ogre
  2285 | D:4      | Reached skill level 7 in Axes
  2285 | D:4      | Reached XP level 6. HP: 20/53 MP: 2/6
  2410 | D:4      | Killed Pikel
  2410 | D:4      | Reached skill level 5 in Fighting
  2410 | D:4      | Reached skill level 10 in Axes
  2410 | D:4      | Reached XP level 7. HP: 16/61 MP: 1/7
  2492 | D:5      | Entered Level 5 of the Dungeon
  2572 | D:5      | Found Gozuph's Antique Armour Emporium.
  2587 | D:5      | Found an ancient bone altar of Kikubaaqudgha.
  2602 | D:5      | Found a staircase to the Ecumenical Temple.
  2679 | Temple   | Entered the Ecumenical Temple
  2695 | Temple   | Became a worshipper of the Shining One
  2695 | Temple   | Reached * piety under the Shining One
  2695 | Temple   | Reached ** piety under the Shining One
  2768 | D:5      | Reached XP level 8. HP: 59/69 MP: 6/8
  2956 | D:5      | Reached skill level 11 in Axes
  3216 | D:6      | Found Zin's Purification Station.
  3219 | D:6      | Found a glowing silver altar of Zin.
  3296 | D:6      | Noticed a kobold demonologist
  3301 | D:6      | Noticed a sixfirhy
  3308 | D:6      | Noticed a sixfirhy
  3309 | D:6      | Killed a kobold demonologist
  3309 | D:6      | Reached skill level 12 in Axes
  3309 | D:6      | Reached XP level 9. HP: 8/75 MP: 1/9
  3311 | D:6      | Reached skill level 1 in Invocations
  3392 | D:6      | Reached skill level 13 in Axes
  3454 | D:6      | Noticed Gamesmaster's ghost (novice DDEE)
  3645 | D:6      | Killed Gamesmaster's ghost
  3845 | D:6      | Found a deep blue altar of Sif Muna.
  3928 | D:7      | Noticed ces's ghost (novice SpAs)
  4000 | D:7      | Reached skill level 5 in Armour
  4022 | D:7      | Reached skill level 14 in Axes
  4147 | D:7      | Killed ces's ghost
  4147 | D:7      | Reached XP level 10. HP: 33/86 MP: 8/11
  4224 | D:7      | Found a white marble altar of Elyvilon.
  4289 | D:7      | Reached skill level 15 in Axes
  4450 | D:7      | Noticed Prince Ribbit
  4592 | D:7      | Killed Prince Ribbit
  4881 | D:8      | Found a staircase to the Lair.
  5136 | D:9      | Reached *** piety under the Shining One
  5164 | D:9      | Noticed a two-headed ogre
  5173 | D:9      | Killed a two-headed ogre
  5178 | D:9      | Reached skill level 16 in Axes
  5247 | D:9      | Found a basalt altar of Yredelemnul.
  5293 | D:9      | Found a shadowy altar of Dithmenos.
  5295 | D:9      | Found a stormy altar of Qazlal.
  5295 | D:9      | Found a radiant altar of Vehumet.
  5295 | D:9      | Found a blossoming altar of Fedhas.
  5704 | D:10     | Entered Level 10 of the Dungeon
  5793 | D:10     | Reached XP level 11. HP: 95/95 MP: 12/12
  5972 | D:10     | Reached skill level 17 in Axes
  6139 | D:11     | Noticed a manticore
  6153 | D:11     | Killed a manticore
  6202 | D:11     | Noticed an unseen horror
  6216 | D:11     | Killed an unseen horror
  6328 | D:11     | Reached **** piety under the Shining One
  6451 | D:11     | Found a staircase to the Orcish Mines.
  6740 | D:11     | Noticed a purple ugly thing
  6752 | D:11     | Killed a purple ugly thing
  6752 | D:11     | Reached skill level 18 in Axes
  7301 | D:12     | Reached ***** piety under the Shining One
  7659 | D:12     | Noticed a manticore
  7674 | D:12     | Killed a manticore
  7674 | D:12     | Reached skill level 19 in Axes
  7674 | D:12     | Reached XP level 12. HP: 37/106 MP: 6/13
  7917 | D:11     | Reached skill level 10 in Fighting
  8251 | D:13     | Noticed a centaur warrior
  8257 | D:13     | Killed a centaur warrior
  8527 | D:13     | Noticed a centaur warrior
  8538 | D:13     | Killed a centaur warrior
  8694 | D:13     | Reached skill level 20 in Axes
  8853 | D:13     | Found a sacrificial altar of Ru.
  9185 | D:14     | Reached XP level 13. HP: 78/118 MP: 13/15
  9295 | D:14     | Found a blossoming altar of Fedhas.
  9391 | D:14     | Noticed Urug
  9413 | D:14     | Killed Urug
  9588 | D:14     | Noticed Louise
  9611 | D:14     | Cast into level 2 of the Abyss (Louise)
  9628 | Abyss:2  | Noticed a tentacled starspawn
  9637 | Abyss:2  | Noticed a starcursed mass
  9637 | Abyss:2  | Noticed a rakshasa
  9660 | Abyss:2  | Paralysed by accursed screaming for 2 turns
  9662 | Abyss:2  | HP: 4/119 [starcursed mass (7)]
  9663 | Abyss:2  | The Shining One protects you from harm!
  9665 | Abyss:2  | Killed from afar by a starcursed mass

Skill      XL: |  1  2  3  4  5  6  7  8  9 10 11 12 13 |
---------------+----------------------------------------+-----
Fighting       | 4 5 6 7 8 9 12 | 12.5
Axes           | 5 6 7 10 12 14 16 19 20 | 20.6
Armour         | 1 2 3 5 6 7 8 9 |  9.0
Invocations    | 2 3 |  3.0
Dodging        | |  2.4
Stealth        | |  1.5
Evocations     | |  0.2

Action                   |  1- 3 |  4- 6 |  7- 9 | 10-12 | 13-15 || total
-------------------------+-------+-------+-------+-------+-------++-------
Melee: Hand axe          |    94 |       |       |       |       ||    94
       War axe           |    18 |    94 |   237 |    94 |       ||   443
       Broad axe         |       |       |       |   572 |    81 ||   653
       Battleaxe         |       |       |       |       |    16 ||    16
Invok: Divine Shield     |       |       |     5 |     4 |     2 ||    11
Evoke: Wand              |       |       |     1 |       |       ||     1
  Use: Scroll            |     5 |     4 |     7 |     6 |     2 ||    24
       Potion            |       |       |     1 |     1 |     1 ||     3
  Eat: Chunk             |     1 |     4 |     6 |    19 |     1 ||    31
Armor: Scale mail        |    41 |    20 |       |       |     3 ||    64
       Ring mail         |     8 |       |       |       |       ||     8
       Plate armour      |       |    13 |   182 |   318 |    14 ||   527
       Skin              |       |       |       |     7 |       ||     7
Dodge: Dodged            |    63 |    44 |    75 |   307 |    36 ||   525
Block: Other             |       |       |     9 |    16 |     5 ||    30
